 Dungeon Crawl Stone Soup version 0.31.0-11-ge490571c62 (webtiles) character file.

Game seed: 2631883393729856987

20965 hawla the Severer (level 12, -5/135 HPs)
             Began as a Minotaur Fighter on Feb 4, 2024.
             Was a High Priest of Makhleb.
             Slain by a death yak (10 damage)
             ... in a Gauntlet.
             The game lasted 00:35:36 (9779 turns).

hawla the Severer (Minotaur Fighter)                Turns: 9779, Time: 00:35:37

Health: -5/135     AC: 33    Str: 30    XL:     12   Next: 50%
Magic:  18/18      EV:  2    Int:  9    God:    Makhleb [*****.]
Gold:   514        SH:  0    Dex: 16    Spells: 11/11 levels left

rFire   . . .        M - +2 great mace (protect)
rCold   . . .        (shield currently unavailable)
rNeg    . . .        D - melded +2 scale mail {rF+}
rPois   +            (helmet currently unavailable)
rElec   .            u - melded scarf {shadows}
rCorr   .            f - melded +2 pair of gloves
SInv    .            b - melded +2 pair of boots "Qunoof" {rF+}
Will    .....        i - amulet of regeneration
Stlth   +            B - +6 ring of strength
HPRegen 1.22/turn    N - +6 ring of dexterity
MPRegen 0.16/turn

%: no teleportation
@: tree-form, under a protective aura
A: stationary, stasis, torment immunity, boosted hp, (horns 2), (retaliatory
headbutt), (claws 1), clever 1
a: Renounce Religion, Minor Destruction, Lesser Servant of Makhleb, Major
Destruction, Greater Servant of Makhleb


You were in a Gauntlet.
You worshipped Makhleb.
Makhleb was extremely pleased with you.
You were a tree.
You visited 1 branch of the dungeon, and saw 12 of its levels.
You also visited: Gauntlet.

You collected 754 gold pieces.
You spent 240 gold pieces at shops.

Inventory:

Hand Weapons
 a - a +2 war axe of freezing
 k - a +0 vampiric war axe
 p - a +3 hand axe of venom
 w - a +3 hand axe of flaming
 M - a +2 great mace of protection (weapon)
Missiles
 e - 11 boomerangs (quivered)
 q - 41 poisoned darts
 r - 9 curare-tipped darts
 H - 5 datura-tipped darts
 K - 3 atropa-tipped darts
Armour
 b - the +2 pair of boots "Qunoof" (melded) {rF+}
   (You acquired it on level 3 of the Dungeon)

   rF+:       It protects you from fire.
 c - a +0 buckler
 f - a +2 pair of gloves (melded)
 l - a +3 ring mail of willpower
 u - a scarf of shadows (melded)
 D - a +2 scale mail of fire resistance (melded)
Jewellery
 i - an amulet of regeneration (around neck)
 v - an amulet of guardian spirit
 B - a +6 ring of strength (left branch)
 C - a +6 ring of strength
 N - a +6 ring of dexterity (right branch)
Wands
 n - a wand of acid (15)
 o - a wand of iceblast (14)
 y - a wand of paralysis (19)
 F - a wand of flame (25)
 L - a wand of polymorph (4)
Scrolls
 g - 5 scrolls of poison
 s - 3 scrolls of blinking
 x - 2 scrolls of revelation
 E - 4 scrolls of teleportation
 J - a scroll of silence
 O - a scroll of fear
Potions
 d - 2 potions of might
 h - 2 potions of ambrosia
 j - 2 potions of curing
 m - 3 potions of haste
 t - 2 potions of enlightenment
 G - 2 potions of brilliance
 I - a potion of cancellation
 R - a potion of invisibility {unknown}
Miscellaneous
 P - a phial of floods
 Q - a condenser vane


   Skills:
 - Level 3.6 Fighting
 - Level 16.0(16.5) Axes
 + Level 7.4(12.6) Maces & Flails
 - Level 6.0 Throwing
 - Level 10.0 Armour
 - Level 5.0 Dodging
 - Level 5.0 Shields
 - Level 10.0 Invocations


You had 11 spell levels left.
You didn't know any spells.
Your spell library contained the following spells:

 Spells                   Type           Power      Damage    Failure   Level
 Freeze                   Ice            0%         1d3       38%         1
 Shock                    Conj/Air       0%         1d3       38%         1
 Searing Ray              Conj           0%         2d4       52%         2
 Frozen Ramparts          Ice            0%         1d1       77%         3
 Hailstorm                Conj/Ice       0%         3d5       77%         3
 Stone Arrow              Conj/Erth      0%         3d7       77%         3
 Summon Ice Beast         Ice/Summ       0%         N/A       77%         3
 Swiftness                Air            0%         N/A       77%         3
 Airstrike                Air            0%         2d(0-16)  99%         4
 Animate Armour           Summ/Erth      0%         N/A       99%         4
 Animate Dead             Necr           0%         N/A       99%         4
 Flame Wave               Conj/Fire      0%         2d4       99%         4
 Leda's Liquefaction      Alch/Erth      0%         N/A       99%         4
 Petrify                  Alch/Erth      0%         N/A       99%         4
 Metabolic Englaciation   Hex/Ice        0%         N/A       100%        5
 Haunt                    Necr/Summ      0%         N/A       100%        7
 Infestation              Necr           0%         N/A       100%        8
 Lehudib's Crystal Spear  Conj/Erth      0%         10d2      100%        8


Dungeon Overview and Level Annotations

Branches:
Dungeon (12/15)            Temple (0/1) D:6            Lair (0/5) D:8
    Orc (0/2) D:10        Gauntlet (1/1)

Altars:
Cheibriados
Dithmenos
Elyvilon
Gozag
Hepliaklqana
Kikubaaqudgha
Makhleb
Okawaru
Qazlal
Ru
Trog
Uskayaw
Wu Jian
Xom
Zin
The Shining One

Shops:
D:5 [   D:8 (

Annotations:
D:9 dig the books
D:10 1 transporter Gauntlet 5 transporters


Innate Abilities, Weirdness & Mutations

You are a tree.
Your roots penetrate the ground, keeping you stationary.
You cannot be teleported.
You are immune to unholy pain and torment.
Your maximum health is greatly increased.
Your equipment is partially melded.
((You have a pair of horns on your head.))
((You reflexively headbutt those who attack you in melee.))
((You have sharp fingernails.))
Your mind is acute. (Int +4, Str/Dex -1)


Message History

* * * LOW HITPOINT WARNING * * *
You thump the death yak!
The death yak is heavily wounded.
The death yak gores you but does no damage. x2
You bludgeon the death yak!!
The death yak is almost dead.
The death yak gores you.
* * * LOW HITPOINT WARNING * * *
The death yak gores you but does no damage.
You hit the death yak.
The death yak is almost dead.
The death yak gores you but does no damage.
The death yak gores you!
* * * LOW HITPOINT WARNING * * *
The death yak gores you but does no damage.
The death yak gores you.
* * * LOW HITPOINT WARNING * * *
You bludgeon the death yak!!
You kill the death yak!
Makhleb accepts your kill.
You feel better.
The death yak gores you but does no damage.
Your base Maces & Flails skill increases to level 7!
Unknown command.
You feel better. The death yak gores you!
* * * LOW HITPOINT WARNING * * *
You hit the death yak.
The death yak is lightly wounded.
The death yak gores you but does no damage.
You barely miss the death yak.
The death yak is lightly wounded.
The death yak gores you but does no damage.
You hit the death yak.
The death yak is lightly wounded.
The death yak gores you!
* * * LOW HITPOINT WARNING * * *
You hit the death yak.
The death yak is lightly wounded.
The death yak gores you!
You die...

#≈≈≈#≈≈≈#≈≈≈#≈≈≈#
#≈...........≈#
##...........##
##≈...........≈##
#≈≈.#########.≈≈#
##≈.#..!©=..#.≈##
##.#.#...#.#.##
##≈.#...###.#.≈##
#≈≈.#.#.♣†#.#.≈≈#
##≈.#.###Y..#.≈##
##.#.#...#.#.##
##≈.#...###.#.≈##
#≈≈.#########.≈≈#
##≈....#©..8#.≈##
##..8.#...©#.##
##≈....#©..8#.≈##
#≈≈.#########.≈≈#


You could see a death yak.

Vanquished Creatures
  4 two-headed ogres
  8 death yaks
  A soul eater (Gauntlet)
  A sixfirhy (Gauntlet)
  Pikel (D:4)
  A deep elf pyromancer (D:10)
  An ugly thing (D:11)
  An oklob plant (Gauntlet)
  A cyclops (D:11)
  A torpor snail (Gauntlet)
  An unseen horror (D:11)
  A komodo dragon (D:11)
  A wolf spider simulacrum (Gauntlet)
  A troll (D:11)
  Grinder (D:3)
  2 shadows (D:10)
  A centaur simulacrum (Gauntlet)
  19 yaks
  3 wraiths
  2 vampires
  2 wyverns
  Eustachio (D:4)
  5 vampire mosquitoes (D:11)
  Menkaure (D:7)
  A harpy simulacrum (Gauntlet)
  An acid dragon (Gauntlet)
  A water moccasin (D:9)
  2 ice beasts
  An orc warrior (D:9)
  A sky beast (D:8)
  4 black bears
  2 centaurs
  An ogre (D:5)
  6 kobold brigands
  2 phantoms
  A lemure (D:4)
  2 bullfrogs
  A gnoll sergeant (D:8)
  2 scorpions
  4 wights (D:5)
  12 killer bees
  2 troll zombies (D:10)
  2 howler monkeys
  A quasit (D:6)
  3 orc priests
  2 bombardier beetles
  A gnoll bouda (D:7)
  7 hounds
  4 jellies
  A sleepcap (D:6)
  Ijyb (D:4)
  A hell rat (D:8)
  2 iguanas (D:5)
  An orc wizard (D:10)
  Terence (D:3)
  6 ogre zombies (D:10)
  A boggart simulacrum (Gauntlet)
  Robin (D:4)
  17 gnolls
  3 adders
  8 shadow imps
  10 white imps
  9 ufetubi
  5 dart slugs
  20 orcs
  9 endoplasms
  7 giant cockroaches
  3 gnoll zombies (D:10)
  14 goblins
  13 hobgoblins
  10 jackals
  51 kobolds
  4 quokkas
  8 ball pythons
  4 bats
  2 frilled lizards
  5 gnoll skeletons (D:10)
  3 orc skeletons (D:10)
  14 orc zombies (D:10)
  4 rats
365 creatures vanquished.

Notes
Turn   | Place    | Note
-------+----------+-------------------------------------------
     0 | D:1      | hawla the Minotaur Fighter began the quest for the Orb.
     0 | D:1      | Reached XP level 1. HP: 19/19 MP: 0/0
   115 | D:1      | Reached skill level 3 in Axes
   159 | D:1      | Reached XP level 2. HP: 26/26 MP: 1/1
   438 | D:1      | Reached skill level 4 in Axes
   679 | D:1      | Reached XP level 3. HP: 31/31 MP: 2/2
  1203 | D:2      | Found a shadowy altar of Dithmenos.
  2313 | D:3      | Identified a scroll of acquirement
  2314 | D:3      | Acquired the +2 pair of boots "Qunoof" {rF+}
  2375 | D:3      | Reached skill level 5 in Axes
  2418 | D:3      | Reached XP level 4. HP: 39/39 MP: 3/3
  2478 | D:3      | Noticed a kobold brigand
  2478 | D:3      | Noticed a kobold brigand
  2483 | D:3      | Killed a kobold brigand
  2484 | D:3      | Reached skill level 6 in Axes
  2484 | D:3      | Reached XP level 5. HP: 39/45 MP: 4/4
  2485 | D:3      | Reached skill level 7 in Axes
  2564 | D:3      | Reached skill level 8 in Axes
  2564 | D:3      | Reached XP level 6. HP: 27/51 MP: 5/5
  2693 | D:3      | Reached skill level 9 in Axes
  2846 | D:3      | Found a stormy altar of Qazlal.
  2885 | D:3      | Noticed Grinder
  2905 | D:3      | Killed Grinder
  2906 | D:3      | Reached skill level 10 in Axes
  2906 | D:3      | Reached XP level 7. HP: 57/57 MP: 6/6
  3047 | D:3      | Noticed Terence
  3057 | D:3      | Killed Terence
  3058 | D:3      | Found a burning altar of Makhleb.
  3058 | D:3      | Noticed a balrug
  3081 | D:3      | Noticed an orange demon
  3081 | D:3      | Noticed an orange demon
  3083 | D:3      | Became a worshipper of Makhleb the Destroyer
  3590 | D:4      | Noticed Eustachio
  3614 | D:4      | Killed Eustachio
  3615 | D:4      | Reached skill level 11 in Axes
  3615 | D:4      | Reached XP level 8. HP: 64/64 MP: 7/7
  3647 | D:4      | Noticed Ijyb
  3662 | D:4      | Killed Ijyb
  3662 | D:4      | Reached * piety under Makhleb
  3820 | D:4      | Noticed Robin
  3837 | D:4      | Killed Robin
  3926 | D:4      | Noticed Pikel
  3938 | D:4      | Killed Pikel
  3939 | D:4      | Reached skill level 13 in Axes
  4071 | D:5      | Entered Level 5 of the Dungeon
  4258 | D:5      | Found Reneexex's Armour Shop.
  4326 | D:5      | Reached ** piety under Makhleb
  4377 | D:5      | Reached skill level 14 in Axes
  4377 | D:5      | Reached XP level 9. HP: 64/70 MP: 8/8
  4530 | D:5      | Reached skill level 5 in Armour
  4611 | D:5      | Found a glowing silver altar of Zin.
  4611 | D:5      | Found a glowing golden altar of the Shining One.
  4613 | D:5      | Found a white marble altar of Elyvilon.
  5220 | D:6      | Found a staircase to the Ecumenical Temple.
  5607 | D:5      | Bought a +1 scale mail of fire resistance for 240 gold
                  | pieces
  5662 | D:7      | Found a bloodstained altar of Trog.
  5665 | D:7      | Found an iron altar of Okawaru.
  5677 | D:6      | Reached *** piety under Makhleb
  5730 | D:7      | Found a snail-covered altar of Cheibriados.
  5732 | D:7      | Noticed Menkaure
  5740 | D:7      | Reached skill level 5 in Invocations
  5741 | D:7      | Killed Menkaure
  5812 | D:7      | Found an ancient bone altar of Kikubaaqudgha.
  5872 | D:7      | Found a hide-covered altar of Uskayaw.
  6050 | D:8      | Gained mutation: You are agile. (Dex +4, Str/Int -1)
                  | [potion of mutation]
  6050 | D:8      | Gained mutation: You sometimes lose your temper in combat.
                  | [potion of mutation]
  6050 | D:8      | Gained mutation: You are partially covered in iridescent
                  | scales. (AC +2) [potion of mutation]
  6063 | D:8      | Found a hazy altar of Hepliaklqana.
  6255 | D:8      | Found an ornate altar of the Wu Jian Council.
  6361 | D:8      | Reached XP level 10. HP: 77/77 MP: 13/13
  6374 | D:8      | Noticed a death yak
  6375 | D:8      | Noticed a death yak
  6376 | D:8      | Noticed a death yak
  6392 | D:8      | Killed a death yak
  6407 | D:8      | Killed a death yak
  6407 | D:8      | Reached **** piety under Makhleb
  6407 | D:8      | Killed a death yak
  6457 | D:8      | Found a staircase to the Lair.
  6587 | D:8      | Found Leub's Weapon Shop.
  6730 | D:9      | Reached skill level 10 in Invocations
  6786 | D:9      | Lost mutation: You sometimes lose your temper in combat.
                  | [potion of mutation]
  6786 | D:9      | Lost mutation: You are partially covered in iridescent
                  | scales. (AC +2) [potion of mutation]
  6786 | D:9      | Lost mutation: You are agile. (Dex +4, Str/Int -1) [potion
                  | of mutation]
  6786 | D:9      | Gained mutation: You have sharp fingernails. [potion of
                  | mutation]
  6786 | D:9      | Gained mutation: Your mind is acute. (Int +4, Str/Dex -1)
                  | [potion of mutation]
  6883 | D:9      | Found a sacrificial altar of Ru.
  6902 | D:9      | Reached XP level 11. HP: 62/82 MP: 17/17
  6981 | D:9      | Reached skill level 10 in Armour
  6986 | D:9      | Reached skill level 1 in Throwing
  7083 | D:9      | Noticed a two-headed ogre
  7090 | D:9      | Killed a two-headed ogre
  7144 | D:9      | Found an opulent altar of Gozag.
  7457 | D:10     | Entered Level 10 of the Dungeon
  7546 | D:10     | Found a transporter.
  7587 | D:10     | Found a staircase to the Orcish Mines.
  7616 | D:10     | Noticed a two-headed ogre
  7632 | D:10     | Killed a two-headed ogre
  7633 | D:10     | Reached skill level 5 in Throwing
  7636 | D:10     | Reached ***** piety under Makhleb
  7715 | D:10     | Noticed a deep elf pyromancer
  7736 | D:10     | Killed a deep elf pyromancer
  7976 | D:10     | Found a shimmering altar of Xom.
  8577 | D:11     | Reached skill level 15 in Axes
  8615 | D:11     | Noticed a cyan ugly thing
  8620 | D:11     | Killed a cyan ugly thing
  8816 | D:11     | Noticed a two-headed ogre
  8826 | D:11     | Killed a two-headed ogre
  8827 | D:11     | Reached skill level 16 in Axes
  9365 | D:10     | Found a transporter.
  9405 | D:12     | Noticed a two-headed ogre
  9413 | D:12     | Killed a two-headed ogre
  9414 | D:12     | Reached skill level 5 in Shields
  9414 | D:12     | Reached XP level 12. HP: 87/90 MP: 18/18
  9435 | D:12     | Found a gate leading to a gauntlet.
  9461 | Gauntlet | Entered a Gauntlet
  9461 | Gauntlet | Found a transporter.
  9465 | Gauntlet | Found a transporter.
  9469 | Gauntlet | Found a transporter.
  9477 | Gauntlet | Found a transporter.
  9481 | Gauntlet | Found a transporter.
  9487 | Gauntlet | Found a transporter.
  9495 | Gauntlet | Found a transporter.
  9499 | Gauntlet | Found a transporter.
  9507 | Gauntlet | Found a transporter.
  9511 | Gauntlet | Found a transporter.
  9519 | Gauntlet | Found a transporter.
  9520 | Gauntlet | Noticed a death yak
  9521 | Gauntlet | Noticed a death yak
  9524 | Gauntlet | Noticed a death yak
  9526 | Gauntlet | Noticed a death yak
  9528 | Gauntlet | Noticed a death yak
  9529 | Gauntlet | Noticed a death yak
  9542 | Gauntlet | Found a transporter.
  9554 | Gauntlet | Found a transporter.
  9578 | Gauntlet | Found a transporter.
  9630 | Gauntlet | Got the Codex of the Union and Trauma
  9686 | Gauntlet | Reached skill level 5 in Dodging
  9690 | Gauntlet | Reached skill level 1 in Maces & Flails
  9751 | Gauntlet | Killed a death yak
  9753 | Gauntlet | Killed a death yak
  9754 | Gauntlet | Reached skill level 5 in Maces & Flails
  9768 | Gauntlet | Killed a death yak
  9768 | Gauntlet | Killed a death yak
  9773 | Gauntlet | HP: 5/135 [death yak (3)]
  9774 | Gauntlet | Killed a death yak
  9778 | Gauntlet | HP: 4/135 [death yak (11)]
  9779 | Gauntlet | Slain by a death yak

Illustrated notes

Levels and vault maps discovered:
D:1:      amcnicky_arrival_choice, layout_loops_ring, serial_co_window_serial,
          co_window_paths_a, co_window_corner_a, co_window_of_opportunity_a,
          co_window_paths_a, co_window_paths_a, co_window_of_opportunity_a,
          co_window_corner_b, co_window_of_opportunity_b, co_window_broadway_b,
          co_window_corner_b, co_window_broadway_c, co_window_paths_c,
          co_window_paths_d, hangedman_abyss_or_decor_lesser_grid,
          minmay_misc_feat_columns
D:2:      layout_basic, basic_altar, serial_co_window_serial, co_window_paths_a,
          co_window_paths_b, co_window_corner_a, co_window_of_opportunity_a,
          co_window_corner_a, co_window_cross_2, co_window_of_opportunity_c,
          co_window_corner_b, co_window_2corner, co_window_corner_b,
          co_window_paths_c, co_window_broadway_b, co_window_paths_d,
          co_window_paths_e, glass_columns_a, glass_columns_c, glass_columns_b,
          glass_columns_a, glass_columns_b, amethyst_killhole,
          grunt_ministairs_7
D:3:      minmay_goblin_kobold_castle, layout_loops_ring,
          nicolae_qazlal_general_emergency, makhleb_altar_promises_db,
          kennysheep_generic_room_15, uniq_terence, uniq_grinder
D:4:      layout_basic, minmay_surrounded, uniq_eustachio, uniq_ijyb,
          uniq_pikel, uniq_robin
D:5:      layout_gridville, dreamdust_divine_triumvirate, serial_shops,
          nicolae_take_the_stairs, minmay_crystal_water
D:6:      layout_basic, minmay_temple_entry_trees, serial_demonic,
          serial_demonic_a, serial_demonic_g, serial_demonic_b,
          serial_demonic_d, serial_demonic_d, serial_demonic_b,
          serial_demonic_g, serial_demonic_g, serial_demonic_d, serial_demonic_d
D:7:      layout_rooms, kennysheep_okawaru_gauntlet, trog_ov_bears_minmay,
          nicolae_kikubaaqudgha_miasma_corner,
          mainiacjoe_overflow_concentric_impassable,
          mainiacjoe_overflow_brackets, uniq_menkaure
D:8:      hellmonk_destroyed_diamonds, layout_gridville, dpeg_lair_monsters,
          serial_shops, shop, hangedman_feature_mirror
D:9:      layout_gridville, grunt_gozag_statues, nicolae_ru_awakened_eye,
          serial_library_regret_index_double_sided, st_stairs_14
D:10:     layout_small_grid, mainiacjoe_overflow_24_doors, zombieorc2_lemuel,
          nicolae_diode_stairs
D:11:     layout_loops_ring, minmay_diced_spiral
D:12:     layout_rooms, serial_shops, shop, nicolae_shop_trees,
          gauntlet_entry_generic, uniq_erolcha
Gauntlet: gammafunk_gauntlet_77_escape_option
          [minmay_gauntlet_arena_77_hold_the_fort, minmay_gauntlet_arena_77_fan,
          minmay_gauntlet_arena_77_mirror, minmay_gauntlet_arena_77_p_blocks,
          minmay_gauntlet_arena_77_broken_ladder, gauntlet_exit_hidden_loot]

Skill      XL: |  1  2  3  4  5  6  7  8  9 10 11 12 |
---------------+-------------------------------------+-----
Axes           | 3 4 5 6 8 10 11 14 16 | 16.0
Armour         | 7 9 10 | 10.0
Invocations    | 6 10 | 10.0
Throwing       | 6 |  6.0
Shields        | 5 |  5.0
Dodging        | 2 5 |  5.0
Maces & Flails | 7 |  7.4
Fighting       | |  3.6

Action                     |  1- 3 |  4- 6 |  7- 9 | 10-12 || total
---------------------------+-------+-------+-------+-------++-------
  Melee: War axe           |    81 |       |       |    48 ||   129
         Headbutt          |    16 |    14 |    57 |   101 ||   188
         Hand axe          |    15 |    93 |   305 |   372 ||   785
         Great mace        |       |       |       |    11 ||    11
  Evoke: Wand              |       |       |     2 |       ||     2
    Use: Scroll            |     7 |       |     9 |    11 ||    27
         Potion            |       |       |     1 |     7 ||     8
 Armour: Scale mail        |    27 |       |    65 |   300 ||   392
         Ring mail         |    29 |    65 |   149 |       ||   243
         Skin              |       |       |       |    22 ||    22
  Dodge: Dodged            |    45 |    50 |   121 |   149 ||   365
  Block: Buckler           |    22 |    15 |    51 |    60 ||   148
